Close match Tiger Stug vs EZ8

Match 40084274
End
Construct Barracks
Engineer Squad
Riflemen Squad
Selects Armored Battlegroup
Riflemen Squad
Riflemen Squad
Infantry Support Center
Construct Medical Station
Grenade Package
Riflemen Squad
Selects Veteran Crews
Construct Motor Pool
Selects Strength in Steel
M1 Anti-tank Gun Team
M8 Greyhound Armored Car
M1 Anti-tank Gun Team
M1918 Browning Automatic Rifles
M24 Chaffee Light Tank
Selects M8 Scott SPG
Survival Training
M8 Scott SPG
Riflemen Squad
M1 Mortar Team
Riflemen Squad
.30 cal Machine Gun
Construct Tank Depot
Selects UNKNOWN (2160077)
Selects Field Repairs
Selects War Machine
M4A3E8 Sherman Easy Eight
Field Repairs
M4A3E8 Sherman Easy Eight
M4A3E8 Sherman Easy Eight
Engineer Squad
Field Repairs
M4A3E8 Sherman Easy Eight
ildong
JZuna
0
0

Comments sign in to comment!

No comments posted yet!